 Dungeon Crawl Stone Soup version 0.21-a0-414-gba8bdf1 (webtiles) character file.

51908 Oirien the Peltast (level 14, 0/125 HPs)
             Began as a Minotaur Fighter on Nov 2, 2017.
             Was the Champion of Okawaru.
             Killed by divine providence
             ... invoked by a daeva
              (9 damage)
             ... on level 1 of the Depths.
             The game lasted 01:12:25 (18731 turns).

Oirien the Peltast (Minotaur Fighter)              Turns: 18731, Time: 01:12:25

Health: 0/125      AC: 23    Str: 25    XL:     14   Next: 25%
Magic:  0/21       EV:  9    Int: 10    God:    Okawaru [******]
Gold:   366        SH: 14    Dex: 11    Spells: 13/13 levels left

rFire    . . .     SeeInvis .   b - +3 demon blade (elec)
rCold    . . .     Gourm    .   c - +0 shield
rNeg     + . .     Faith    .   K - +3 plate armour {MR+}
rPois    .         Spirit   +   i - +2 hat of the Bear Spirit {Spirit, +Rage rN+ MR++}
rElec    .         Reflect  .   m - scarf {repulsion}
rCorr    .         Harm     .   B - +0 pair of gloves
MR       ++++.                  Q - +2 pair of boots
Stlth    ..........             E - amulet of magic regeneration
HPRegen  0.30/turn              N - +2 ring of intelligence
MPRegen  0.42/turn              S - +3 ring of intelligence

@: repel missiles
A: retaliatory headbutt, horns 2
a: Heroism, Finesse, Renounce Religion, Evoke Berserk Rage


You were on level 1 of the Depths.
You worshipped Okawaru.
Okawaru was exalted by your worship.
You were not hungry.

You visited 3 branches of the dungeon, and saw 17 of its levels.
You visited 1 bazaar.

You collected 1074 gold pieces.
You spent 708 gold pieces at shops.

Inventory:

Hand Weapons
 b - a +3 demon blade of electrocution (weapon)
 v - a +2 scimitar of flaming
Missiles
 A - 3 tomahawks of returning (quivered)
Armour
 c - a +0 shield (worn)
 i - the +2 hat of the Bear Spirit (worn) {Spirit, +Rage rN+ MR++}
   (You bought it in a shop in a bazaar)

   It protects you from negative energy.
   It affects your resistance to hostile enchantments.
   It lets you go berserk.
 m - a scarf of repulsion (worn)
 B - a +0 pair of gloves (worn)
 C - a +3 scale mail of poison resistance
 K - a +3 plate armour of magic resistance (worn)
 Q - a +2 pair of boots (worn)
Jewellery
 E - an amulet of magic regeneration (around neck)
 N - a +2 ring of intelligence (left hand)
 S - a +3 ring of intelligence (right hand)
Wands
 q - a wand of enslavement (0/24)
 y - a wand of flame (27/48)
 F - a wand of confusion (15/48)
 I - a wand of iceblast (6/15)
Scrolls
 j - 10 scrolls of remove curse
 k - 7 scrolls of identify
 p - a scroll of blinking {unknown}
 s - 9 scrolls of teleportation
 u - 3 scrolls of amnesia
 w - 4 scrolls of immolation
 L - a scroll of magic mapping
 P - 3 scrolls of recharging {unknown}
 R - 2 scrolls of enchant weapon
 U - a scroll of fog
 V - a scroll of acquirement {unknown}
Potions
 a - a potion of resistance {unknown}
 d - a potion of might
 e - a potion of haste
 l - 3 potions of lignification {unknown}
 r - 2 potions of mutation
 x - 2 potions of flight {unknown}
 z - a potion of invisibility {unknown}
Books
 o - a book of Necromancy

   Spells                             Type                      Level
   a - Pain                           Necromancy                   1
   b - Animate Skeleton               Necromancy                   1
   c - Vampiric Draining              Necromancy                   3
   d - Regeneration                   Charms/Necromancy            3
   e - Animate Dead                   Necromancy                   4
   f - Control Undead                 Necromancy                   4
 J - a book of Power

   Spells                             Type                      Level
   a - Iskenderun's Battlesphere      Conjuration/Charms           5
   b - Venom Bolt                     Conjuration/Poison           5
   c - Bolt of Magma                  Conjuration/Fire/Earth       5
   d - Iron Shot                      Conjuration/Earth            6
   e - Orb of Destruction             Conjuration                  7
   f - Spellforged Servitor           Conjuration/Summoning        7
 M - a book of Misfortune

   Spells                             Type                      Level
   a - Confusing Touch                Hexes                        1
   b - Confuse                        Hexes                        3
   c - Gell's Gravitas                Translocation                3
   d - Petrify                        Transmutation/Earth          4
   e - Metabolic Englaciation         Hexes/Ice                    5
   f - Yara's Violent Unravelling     Hexes/Transmutation          5
 T - Xipiez's Reference Book on Aerial Ignition
   (You found it on level 14 of the Dungeon)

   Spells                             Type                      Level
   a - Shock                          Conjuration/Air              1
   b - Airstrike                      Air                          4
   c - Summon Lightning Spire         Summoning/Air                4
   d - Lightning Bolt                 Conjuration/Air              5
   e - Bolt of Fire                   Conjuration/Fire             6
Comestibles
 f - 10 bread rations
 g - 4 meat rations
 t - 5 fruits
 H - 12 royal jellies


   Skills:
 + Level 11.7 Fighting
 + Level 15.1 Long Blades
 + Level 7.6 Armour
 + Level 5.7 Dodging
 + Level 16.2 Shields
 + Level 11.2 Invocations


You had 13 spell levels left.
You didn't know any spells.

Dungeon Overview and Level Annotations

Branches:
Dungeon (15/15)            Temple (1/1) D:4            Lair (0/6) D:8
    Orc (0/2) D:11         Vaults (0/5) D:13         Depths (1/5) D:15

Altars:
Ashenzari
Cheibriados
Dithmenos
Elyvilon
Fedhas
Gozag
Hepliaklqana
Kikubaaqudgha
Makhleb
Nemelex Xobeh
Okawaru
Qazlal
Ru
Sif Muna
Trog
Uskayaw
Vehumet
Wu Jian
Xom
Yredelemnul
Zin
The Shining One
Beogh

Shops:
D:6 [   D:12 *

Portals:
Hell: Depths:1

Annotations:
D:7 exclusion: oklob plant
D:8 1 runed door


Innate Abilities, Weirdness & Mutations

You reflexively headbutt those who attack you in melee.
You have a pair of horns on your head.


Message History

* * * LOW HITPOINT WARNING * * *
You block something's attack.
The glowing orange brain pulsates.
The glowing orange brain radiates an aura of fear!
You resist with almost no effort.
You slice the two-headed ogre!!
Lightning courses through the two-headed ogre!
You kill the two-headed ogre!
Okawaru accepts your kill.
You feel sick.
You feel better.
The daeva calls down the wrath of the Shining One upon you.
The Shining One smites you!
* * * LOW HITPOINT WARNING * * *
You block something's attack.
You slice the glowing orange brain!! You headbutt the glowing orange brain!
The glowing orange brain is severely wounded.
The daeva calls down the wrath of the Shining One upon you.
The Shining One smites you!
You die...

#......#∩#...##
........#.+....#
......#####....#
+##...#...#....#
#+#.#...'....+
#...#.#+##
###...#.+
+.)...###
#.{@.## #.G).#
#...#+# ....#
A##..# ##...
#..#. ...


You could see a daeva and a glowing orange brain.

Vanquished Creatures
  A storm dragon (D:12)
  A frost giant (Depths:1)
  A stone giant (D:12)
  A war gargoyle (D:12)
  An ettin (Depths:1)
  The ghost of Scuka the Grappler, a journeyman TrMo of Wu Jian (D:9)
  2 fire dragons (Depths:1)
  Erolcha (D:11)
  2 yaktaur captains (D:12)
  Fannar (D:11)
  Josephine (D:13)
  2 hydras
  Erica (D:8)
  2 centaur warriors
  2 dancing weapons (D:13)
  9 two-headed ogres
  The ghost of Slyspawn the Cleaver, a novice DrBe of Trog (D:8)
  2 tengu warriors (Depths:1)
  Urug (D:15)
  A vampire mage (D:15)
  Nergalle (D:11)
  2 skeletal warriors (D:15)
  2 unseen horrors
  Pikel (D:8)
  A necromancer (D:15)
  6 ugly things (Depths:1)
  An orc knight (D:15)
  3 manticores
  A stone giant zombie (D:15)
  2 deep elf magi (D:12)
  5 cyclopes
  Joseph (D:9)
  A fire giant skeleton (D:15)
  A kobold demonologist (D:12)
  A yaktaur zombie (D:15)
  A komodo dragon (D:12)
  5 yaktaurs (Depths:1)
  3 tengu conjurers
  4 trolls
  A jumping spider (shapeshifter) (D:15)
  A hornet (D:12)
  5 slime creatures
  2 hippogriffs
  A spriggan zombie (D:15)
  A shadow (D:14)
  5 water elementals
  3 wraiths (D:13)
  A centaur simulacrum (D:15)
  11 yaks
  A basilisk (D:8)
  Grum (D:11)
  2 vampire mosquitoes (D:12)
  An acid dragon (D:15)
  A water moccasin (D:11)
  An ice beast (D:13)
  4 sky beasts
  3 phantoms
  2 black bears (D:10)
  3 ogres
  11 orc warriors
  2 eyes of draining
  A crocodile (D:8)
  2 wolves (D:11)
  8 centaurs
  A big kobold (D:12)
  9 bullfrogs
  A gnoll sergeant (D:9)
  A wyvern zombie (D:5)
  2 wyvern skeletons
  3 scorpions
  14 killer bees
  2 electric eels (D:14)
  A howler monkey (D:12)
  3 centaur zombies (D:5)
  4 crimson imps
  3 bullfrog zombies
  3 jellies (D:13)
  A quasit (D:6)
  A centaur skeleton (D:11)
  17 orc priests
  7 orc wizards
  10 hounds
  5 iguanas
  12 worker ants
  A hound zombie (D:11)
  A worker ant zombie (D:3)
  Robin (D:3)
  3 gnolls (D:9)
  13 adders
  6 shadow imps
  7 oozes
  An adder zombie (D:8)
  2 adder skeletons
  A worm (D:2)
  A dart slug (D:2)
  2 leopard geckos
  62 orcs
  9 giant cockroaches
  17 goblins
  11 hobgoblins
  5 jackals
  8 kobolds
  3 quokkas
  4 ball pythons
  5 bats
  5 frilled lizards
  A leopard gecko zombie (D:5)
  4 rats
423 creatures vanquished.

Vanquished Creatures (others)
  An orc wizard (D:12)
  An orc (D:10)
  A plant (Depths:1)
3 creatures vanquished.

Grand Total: 426 creatures vanquished

Notes
Turn   | Place    | Note
-------+----------+-------------------------------------------
     0 | D:1      | Oirien the Minotaur Fighter began the quest for the Orb.
     0 | D:1      | Reached XP level 1. HP: 19/19 MP: 0/0
    79 | D:1      | Reached XP level 2. HP: 26/27 MP: 1/1
   529 | D:1      | Reached XP level 3. HP: 33/33 MP: 2/2
   701 | D:2      | Noticed a hand axe
   701 | D:2      | Noticed a dagger
   708 | D:2      | Found a hide-covered altar of Uskayaw.
   883 | D:2      | Found a shattered altar of Ashenzari.
   925 | D:2      | Found a snail-covered altar of Cheibriados.
   983 | D:2      | Found a sacrificial altar of Ru.
  1253 | D:3      | Noticed Robin
  1311 | D:2      | Reached XP level 4. HP: 33/40 MP: 3/3
  1439 | D:3      | Killed Robin
  1615 | D:3      | Reached skill level 5 in Long Blades
  1766 | D:3      | Found a sparkling altar of Nemelex Xobeh.
  2082 | D:4      | Found a shadowy altar of Dithmenos.
  2095 | D:4      | Reached XP level 5. HP: 46/46 MP: 4/4
  2492 | D:4      | Found a blossoming altar of Fedhas.
  2642 | D:4      | Reached XP level 6. HP: 29/52 MP: 5/5
  2931 | D:5      | Entered Level 5 of the Dungeon
  3474 | D:4      | Reached XP level 7. HP: 55/59 MP: 6/6
  3615 | D:4      | Found a staircase to the Ecumenical Temple.
  3622 | Temple   | Entered the Ecumenical Temple
  3734 | Temple   | Became a worshipper of Warmaster Okawaru
  4512 | D:5      | Reached skill level 10 in Long Blades
  4693 | D:5      | Reached * piety under Okawaru
  4985 | D:5      | Reached XP level 8. HP: 64/66 MP: 7/7
  5083 | D:5      | Got an ancient dagger
  5416 | D:6      | Found Tewkas's Antique Armour Emporium.
  5432 | D:6      | Bought a shiny scale mail for 161 gold pieces
  5677 | D:6      | Found a hazy altar of Hepliaklqana.
  5911 | D:7      | Reached ** piety under Okawaru
  6162 | D:7      | Reached XP level 9. HP: 71/71 MP: 8/8
  6404 | D:7      | Noticed an oklob plant
  6730 | D:7      | Found a hazy altar of Hepliaklqana.
  6784 | D:8      | Reached skill level 4 in Shields
  6803 | D:8      | Noticed Slyspawn's ghost (novice DrBe)
  6831 | D:8      | Killed Slyspawn's ghost
  6831 | D:8      | Reached *** piety under Okawaru
  6831 | D:8      | Reached skill level 5 in Fighting
  6831 | D:8      | Reached skill level 5 in Shields
  7022 | D:8      | Found a runed door.
  7022 | D:8      | Noticed a flayed ghost
  7022 | D:8      | Noticed a fire crab
  7024 | D:8      | Noticed an orc knight
  7135 | D:8      | Found a staircase to the Lair.
  7184 | D:8      | Reached skill level 6 in Shields
  7518 | D:8      | Noticed Erica
  7519 | D:8      | Noticed Pikel
  7530 | D:8      | Killed Pikel
  7530 | D:8      | Reached XP level 10. HP: 33/84 MP: 10/12
  7544 | D:8      | Killed Erica
  7544 | D:8      | Reached **** piety under Okawaru
  7544 | D:8      | Reached skill level 7 in Shields
  8261 | D:8      | Noticed a spiny frog
  8392 | D:9      | Noticed Joseph
  8414 | D:9      | Killed Joseph
  8414 | D:9      | Reached skill level 5 in Invocations
  8421 | D:9      | Noticed Scuka's ghost (journeyman TrMo)
  8435 | D:9      | Killed Scuka's ghost
  8435 | D:9      | Reached skill level 8 in Shields
  8726 | D:9      | Reached ***** piety under Okawaru
  8750 | D:9      | Found a burning altar of Makhleb.
  8764 | D:9      | Found a basalt altar of Yredelemnul.
  8806 | D:9      | Found a bloodstained altar of Trog.
  8806 | D:9      | Found a stormy altar of Qazlal.
  8808 | D:9      | Found a burning altar of Makhleb.
  8862 | D:10     | Entered Level 10 of the Dungeon
  8888 | D:9      | Noticed a two-headed ogre
  8892 | D:9      | Noticed a two-headed ogre
  8900 | D:9      | Killed a two-headed ogre
  8900 | D:9      | Reached skill level 9 in Shields
  8907 | D:9      | Killed a two-headed ogre
  8907 | D:9      | Received a gift from Okawaru
  8907 | D:9      | Reached XP level 11. HP: 45/97 MP: 13/15
  8913 | D:9      | HP: 2/97 [orc priest/divine providence (13)]
  9596 | D:9      | Killed an unseen horror
 10089 | D:9      | Found a glowing golden altar of the Shining One.
 10798 | D:10     | Found a roughly hewn altar of Beogh.
 11047 | D:11     | Noticed a two-headed ogre
 11053 | D:11     | Found a staircase to the Orcish Mines.
 11057 | D:11     | Killed a two-headed ogre
 11057 | D:11     | Reached skill level 10 in Fighting
 11068 | D:11     | Reached skill level 10 in Shields
 11720 | D:11     | Noticed a two-headed ogre
 11726 | D:11     | Killed a two-headed ogre
 11728 | D:11     | Noticed Nergalle
 11736 | D:11     | Killed Nergalle
 11756 | D:11     | Reached skill level 11 in Shields
 11759 | D:11     | Noticed Fannar
 11771 | D:11     | Killed Fannar
 11771 | D:11     | Received a gift from Okawaru
 12181 | D:11     | Noticed Erolcha
 12187 | D:11     | Killed Erolcha
 12187 | D:11     | Reached XP level 12. HP: 96/106 MP: 16/18
 12326 | D:11     | Noticed Grum
 12345 | D:11     | Killed Grum
 12533 | D:12     | Reached skill level 12 in Shields
 12808 | D:12     | Reached ****** piety under Okawaru
 12808 | D:12     | Reached skill level 10 in Invocations
 12809 | D:12     | Received a gift from Okawaru
 13436 | D:12     | Noticed a centaur warrior
 13439 | D:12     | Killed a centaur warrior
 13439 | D:12     | Reached skill level 13 in Shields
 13444 | D:12     | Noticed a war gargoyle
 13449 | D:12     | Killed a war gargoyle
 13632 | D:12     | Reached skill level 14 in Shields
 13633 | D:12     | Noticed a storm dragon
 13650 | D:12     | Killed a storm dragon
 13911 | D:12     | Noticed a stone giant
 13916 | D:12     | Killed a stone giant
 13916 | D:12     | Reached skill level 15 in Shields
 14030 | D:12     | Found Solatomm's General Store.
 14710 | D:12     | Noticed a yaktaur captain
 14715 | D:12     | Killed a yaktaur captain
 14715 | D:12     | Reached skill level 1 in Dodging
 14716 | D:12     | Noticed a yaktaur captain
 14721 | D:12     | Killed a yaktaur captain
 14721 | D:12     | Received a gift from Okawaru
 15062 | D:13     | Noticed a five-headed hydra
 15070 | D:13     | Killed a one-headed hydra
 15070 | D:13     | Reached XP level 13. HP: 104/113 MP: 19/19
 15303 | D:13     | Noticed Josephine
 15314 | D:13     | Killed Josephine
 15314 | D:13     | Reached skill level 5 in Armour
 15345 | D:13     | Found a gate to the Vaults.
 15619 | D:14     | Found a flickering gateway to a bazaar.
 15624 | Bazaar   | Entered a bazaar
 15626 | Bazaar   | Found Tufistri's Jewellery Boutique.
 15630 | Bazaar   | Found Hopemp's Armour Boutique.
 15630 | Bazaar   | Found Waist's Armour Boutique.
 15631 | Bazaar   | Found Diakkur's Distillery.
 15651 | Bazaar   | Bought the +2 hat of the Bear Spirit {Spirit, +Rage rN+ MR++} for 547 gold pieces
 15651 | Bazaar   | Found the +2 hat of the Bear Spirit {Spirit, +Rage rN+ MR++}
 15736 | D:14     | Received a gift from Okawaru
 15775 | D:15     | Entered Level 15 of the Dungeon
 16182 | D:14     | Identified Xipiez's Reference Book on Aerial Ignition
 16610 | D:15     | Received a gift from Okawaru
 16634 | D:15     | Found a staircase to the Depths.
 16908 | D:15     | Noticed Urug
 16918 | D:15     | Killed Urug
 17292 | D:15     | Received a gift from Okawaru
 17742 | Depths:1 | Entered Level 1 of the Depths
 17758 | Depths:1 | Noticed a fire dragon
 17763 | Depths:1 | Noticed an ettin
 17766 | Depths:1 | Killed a fire dragon
 17780 | Depths:1 | Killed an ettin
 18147 | Depths:1 | Reached skill level 5 in Dodging
 18153 | Depths:1 | Reached skill level 16 in Shields
 18192 | Depths:1 | Reached XP level 14. HP: 86/124 MP: 21/21
 18389 | Depths:1 | Noticed a frost giant
 18405 | Depths:1 | Killed a frost giant
 18405 | Depths:1 | Received a gift from Okawaru
 18405 | Depths:1 | Reached skill level 15 in Long Blades
 18686 | Depths:1 | Found a gateway to Hell.
 18717 | Depths:1 | Noticed a daeva
 18731 | Depths:1 | Killed from afar by a daeva

Vault maps used:
D:1:      minmay_arrival_shattered_statue
D:2:      lemuel_doored_altar, dancing_weapons_uskayaw, kennysheep_slug_shrine,
          hangedman_ru_absence, kennysheep_another_room
D:3:      lemuel_coloured_pillars_altar, first_bread, uniq_robin
D:4:      grunt_dithmenos_smoke, lemuel_round_altar, temple_statues,
          minmay_cut_off
D:6:      overflow_temple_1_default, serial_shops, shop
D:7:      lemuel_oklob_altar
D:8:      minmay_gate_of_8, david_lair_generic, uniq_erica, uniq_pikel
D:9:      kennysheep_mini, tso_metal_star,
          chequers_temple_overflow_statue_of_worship, old_standard_altar,
          bloody_makhleb, uniq_joseph
D:10:     special_room
D:11:     orc_david_3, uniq_nergalle, uniq_fannar, uniq_grum, uniq_erolcha
D:12:     minmay_chopped_fan, serial_shops, shop
D:13:     erik_vaults_1, hangedman_little_slice_of_home, uniq_josephine
D:14:     serial_shops, bzr_entry_road, small_statue_alley_a
D:15:     gammafunk_depths_entry_grave, abandoned_shop, uniq_urug
Temple:   compressed_dpeg_triangle_lava_temple
Depths:1: enter_ziggurat_c, abyss_entry_crystal, minmay_misc_feat_doors,
          hell_entry, serial_bayou_pond_e, spider_trap, nicolae_blasting_shop,
          serial_bayou_shore_a
Bazaar:   bazaar_minmay_cross

Skill      XL: |  1  2  3  4  5  6  7  8  9 10 11 12 13 14 |
---------------+-------------------------------------------+-----
Fighting       | 4 6 9 10 11 | 11.7
Long Blades    | 3 4 5 7 8 10 13 14 15 | 15.1
Shields        | 6 9 11 15 16 | 16.2
Invocations    | 4 6 9 10 11 | 11.2
Armour         | 4 7 |  7.6
Dodging        | 1 5 |  5.7

Action                   |  1- 3 |  4- 6 |  7- 9 | 10-12 | 13-15 || total
-------------------------+-------+-------+-------+-------+-------++-------
Melee: Long sword        |   108 |   151 |   322 |    10 |       ||   591
       Headbutt          |    16 |    23 |    67 |   104 |    88 ||   298
       Scimitar          |       |       |       |    97 |    25 ||   122
       Demon blade       |       |       |       |   450 |   379 ||   829
Invok: Heroism           |       |       |       |     1 |       ||     1
  Use: Scroll            |       |     2 |     2 |    10 |     1 ||    15
       Potion            |       |       |     3 |     6 |     4 ||    13
  Eat: Chunk             |     1 |     1 |     9 |    13 |     3 ||    27
       Meat ration       |       |     1 |       |     1 |     1 ||     3
       Fruit             |       |     1 |     2 |     6 |     1 ||    10
       Royal jelly       |       |       |     1 |     1 |     2 ||     4
Armor: Scale mail        |    50 |    76 |   161 |   138 |       ||   425
       Plate armour      |       |       |       |    67 |   166 ||   233
Dodge: Dodged            |    31 |    38 |    96 |   107 |    74 ||   346
       Deflected         |       |     1 |     2 |     6 |     6 ||    15
Block: Shield            |    50 |    91 |   128 |   249 |   196 ||   714
       Rpst.: Long sword |     9 |    14 |    26 |       |       ||    49
       Scimitar          |       |       |       |     5 |     2 ||     7
       Demon blade       |       |       |       |    18 |    10 ||    28

Table legend:
 A = Spawn XP
 B = Non-spawn XP
 C = Spawn XP percentage of total XP
 D = Spawn monster count
 E = Non-spawn monster count
 F = Spawn count percentage of total count
 G = Total turns spent on level
                    A         B        C        D         E        F      G
               +---------+---------+-------+---------+---------+-------+---------
         Total |       0 |   74155 |   0.0 |       0 |     424 |   0.0 | 18731
               +---------+---------+-------+---------+---------+-------+---------
           D:1 |       0 |      48 |   0.0 |       0 |      26 |   0.0 |   654
           D:2 |       0 |      61 |   0.0 |       0 |      28 |   0.0 |   763
           D:3 |       0 |      81 |   0.0 |       0 |      16 |   0.0 |   656
           D:4 |       0 |     476 |   0.0 |       0 |      18 |   0.0 |  1825
           D:5 |       0 |     925 |   0.0 |       0 |      33 |   0.0 |  1149
           D:6 |       0 |     644 |   0.0 |       0 |      16 |   0.0 |   708
           D:7 |       0 |    1158 |   0.0 |       0 |      21 |   0.0 |   884
           D:8 |       0 |    3525 |   0.0 |       0 |      15 |   0.0 |  1622
           D:9 |       0 |    5848 |   0.0 |       0 |      27 |   0.0 |  1784
          D:10 |       0 |     890 |   0.0 |       0 |      35 |   0.0 |   785
          D:11 |       0 |    8733 |   0.0 |       0 |      40 |   0.0 |  1411
          D:12 |       0 |   14957 |   0.0 |       0 |      56 |   0.0 |  2648
          D:13 |       0 |    6298 |   0.0 |       0 |      27 |   0.0 |   586
          D:14 |       0 |    2877 |   0.0 |       0 |      11 |   0.0 |  1088
          D:15 |       0 |   10186 |   0.0 |       0 |      26 |   0.0 |  1284
      Depths:1 |       0 |   17448 |   0.0 |       0 |      29 |   0.0 |   700
               +---------+---------+-------+---------+---------+-------+---------
